Map: Ancient Cistern LE

Players

MillForGG (ForGG)

  • Race: Terran Terran
  • League: Grandmaster
  • Spawn Location: 1:00

Jason - Winner!

  • Race: Terran Terran
  • League: Grandmaster
  • Spawn Location: 7:00

VOD

Have the link to the VOD?

Description

Time

  • Played on: Feb. 6, 2023, 5:44 p.m.
  • Length: 12:10
Show
View Real Time Build Order
Export as new Build Order

MillForGG Terran 

Build Orders: Cyclone Opening 

Get SALT Encoding   

  12  0:00  SCV  
  13  0:12  SCV  
  14  0:17  Supply Depot  
  14  0:24  SCV  
  15  0:38  SCV  
  15  0:40  Barracks  
  16  0:43  Refinery  
  16  0:50  SCV  
  16  0:52  Refinery  
  17  1:03  SCV  
  18  1:15  SCV  
  19  1:27  Orbital Command, Reaper  
  19  1:29  Supply Depot  
  20  1:40  Factory  
  20  1:53  SCV  
  21  1:59  Reaper  
  22  2:05  SCV  
  23  2:17  SCV  
  23  2:19  Command Center  
  24  2:27  Factory Tech Lab  
  24  2:29  SCV  
  24  2:32  Supply Depot, Barracks Reactor  
  24  2:41  SCV  
  25  2:46  Cyclone  
  28  2:53  SCV  
  28  2:57  Barracks  
  29  3:05  SCV  
  29  3:08  Marine x2  
  32  3:18  SCV, Cyclone  
  35  3:29  Marine x2  
  35  3:30  SCV  
  35  3:33  Orbital Command  
  37  3:42  SCV  
  37  3:47  Marine  
  37  3:48  Marine  
  35  3:56  SCV, Starport  
  35  3:59  SCV  
  35  4:00  Factory Reactor  
  35  4:01  Stimpack  
  37  4:08  SCV  
  37  4:09  Marine x3  
  41  4:11  SCV  
  40  4:22  SCV  
  40  4:24  SCV  
  36  4:27  Marine x3  
  31  4:34  SCV  
  31  4:36  SCV  
  30  4:44  Marine x2  
  30  4:45  Marine  
  32  4:46  SCV  
  32  4:48  SCV  
  34  4:57  Factory Tech Lab  
  34  4:58  SCV, Medivac x2  
  39  5:00  SCV  
  39  5:02  Marine  
  39  5:05  Marine x2  
  43  5:10  SCV  
  43  5:12  SCV  
  45  5:22  Command Center, SCV  
  45  5:24  SCV  
  45  5:27  Marine x3  
  50  5:35  SCV  
  50  5:36  SCV, Barracks  
  50  5:37  Starport Reactor  
  51  5:42  Supply Depot  
  51  5:43  Supply Depot  
  51  5:46  Combat Shield  
  51  5:48  SCV  
  51  5:49  SCV  
  53  6:00  SCV  
  53  6:02  Engineering Bay  
  54  6:04  SCV  
  54  6:05  Supply Depot, Engineering Bay  
  54  6:07  Supply Depot  
  55  6:12  SCV  
  55  6:15  Marine x3  
  55  6:16  SCV  
  60  6:23  Marine x2  
  60  6:24  SCV  
  63  6:28  SCV  
  63  6:29  Medivac x2  
  68  6:33  Terran Infantry Weapons Level 1, Terran Infantry Armor Level 1  
  68  6:37  SCV  
  68  6:38  Orbital Command  
  69  6:41  SCV  
  69  6:46  Marine x4  
  74  6:48  Marine  
  74  6:49  SCV  
  74  6:53  SCV, Barracks  
  77  6:58  Barracks  
  77  7:03  SCV x2  
  77  7:05  SCV, Factory Tech Lab  
  77  7:07  Medivac x2  
  84  7:13  Marine  
  84  7:14  Marine x4  
  90  7:15  SCV x2  
  90  7:17  SCV  
  92  7:27  SCV  
  92  7:28  SCV, Supply Depot  
  92  7:29  SCV, Supply Depot  
  95  7:31  Marine x3, Armory  
  95  7:32  Marine  
  99  7:39  SCV  
  99  7:40  SCV  
  99  7:41  Command Center  
  101  7:47  SCV  
  101  7:49  Medivac  
  93  7:52  SCV x2  
  93  7:58  Marine x4  
  85  7:59  SCV  
  85  8:00  Barracks Reactor  
  85  8:04  SCV x2, Refinery x2  
  88  8:05  Marine x2  
  88  8:11  SCV  
  90  8:14  Refinery  
  90  8:15  Refinery  
  90  8:16  Marine x4  
  90  8:17  SCV x2  
  96  8:23  SCV, Marine x2  
  96  8:26  Siege Tank  
  102  8:28  Barracks  
  102  8:30  SCV x2, Barracks  
  102  8:31  Barracks  
  102  8:33  Marine  
  102  8:34  Marine x2  
  106  8:35  SCV, Marine  
  109  8:41  Marine x2  
  109  8:42  SCV x2  
  109  8:44  Terran Infantry Weapons Level 2  
  109  8:47  SCV  
  114  8:48  Terran Infantry Armor Level 2  
  114  8:51  Marine x3  
  114  8:52  Supply Depot  
  114  8:53  Supply Depot  
  114  8:54  Sensor Tower  
  117  8:56  SCV x3  
  117  8:58  Marine x3  
  117  8:59  SCV, Marine  
  117  9:02  Marine  
  126  9:07  Siege Tank  
  126  9:09  Planetary Fortress, Marine x3  
  132  9:17  Supply Depot, Barracks Reactor x2  
  132  9:18  Supply Depot, Barracks Reactor  
  132  9:20  Marine x3  
  132  9:21  Marine x2  
  137  9:27  Marine x3  
  140  9:36  Command Center  
  140  9:38  Marine x4  
  141  9:39  Siege Tank  
  141  9:40  Supply Depot x2  
  141  9:43  Marine  
  141  9:45  Marine x3  
  151  9:53  Missile Turret, Factory  
  151  9:56  Medivac x2, Marine x2  
  157  10:01  Marine x9, Supply Depot  
  157  10:02  Marine  
  157  10:03  Marine x2  
  157  10:05  Terran Vehicle Weapons Level 1  
  169  10:09  Supply Depot x2  
  169  10:11  Siege Tank  
  153  10:22  Marine x10  
  153  10:23  Marine x4  
  158  10:40  Marine x7  
  142  10:43  Siege Tank  
  142  10:47  Medivac x2  
  142  10:49  Marine x7  
  156  10:57  SCV x2, Marine  
  156  10:58  SCV x2, Marine x6  
  166  11:06  Marine  
  166  11:07  Marine  
  168  11:15  Siege Tank, Marine x6  
  168  11:16  Marine x6  
  164  11:24  Marine  
  164  11:25  Marine  
  152  11:32  Marine  
  152  11:33  Marine x6  
  152  11:34  Marine x5  
  164  11:42  Marine, Factory Tech Lab  
  164  11:43  Marine  
  166  11:50  Marine  
  166  11:51  Marine x5  
Show
View Real Time Build Order
Export as new Build Order

Jason Terran - Winner!

Build Orders:  

Get SALT Encoding   

  12  0:00  SCV  
  13  0:12  SCV  
  14  0:17  Supply Depot  
  14  0:24  SCV  
  15  0:38  SCV  
  15  0:40  Barracks  
  16  0:43  Refinery  
  16  0:50  SCV  
  17  0:57  Refinery  
  17  1:03  SCV  
  18  1:15  SCV  
  19  1:28  Orbital Command, Reaper  
  20  1:35  Supply Depot  
  20  1:43  Factory  
  20  1:55  SCV  
  20  2:01  Barracks Reactor  
  22  2:08  SCV  
  22  2:20  Command Center  
  22  2:23  SCV  
  22  2:27  Hellion  
  25  2:35  SCV  
  26  2:38  Reaper x2  
  26  2:42  Supply Depot  
  28  2:49  Hellion  
  28  2:50  SCV  
  31  2:58  Starport  
  31  3:03  SCV  
  31  3:10  Hellion  
  33  3:13  Reaper x2  
  35  3:22  SCV  
  36  3:32  Hellion  
  35  3:51  Orbital Command  
  35  3:53  Starport Tech Lab, Refinery  
  35  3:54  Factory Tech Lab  
  35  3:55  Marine x2  
  37  3:57  SCV  
  38  4:09  SCV  
  39  4:13  Marine x2  
  39  4:21  SCV  
  39  4:22  Siege Tank  
  39  4:23  Raven  
  44  4:24  SCV  
  42  4:33  SCV  
  42  4:34  Marine x2  
  42  4:36  SCV  
  45  4:45  SCV  
  46  4:48  SCV  
  46  4:52  Marine x2  
  46  4:54  Siege Tank  
  46  4:57  SCV  
  46  4:58  Raven  
  52  5:00  SCV, Supply Depot  
  53  5:09  SCV  
  53  5:10  Command Center  
  54  5:16  Supply Depot  
  54  5:21  SCV x2, Marine x2  
  54  5:25  Refinery  
  58  5:32  Siege Tank  
  58  5:33  SCV  
  62  5:37  SCV, Raven  
  62  5:40  Marine x2  
  62  5:41  Supply Depot  
  67  5:45  SCV  
  67  5:49  SCV  
  69  5:57  SCV  
  69  5:58  Barracks  
  69  5:59  Barracks  
  69  6:02  SCV  
  69  6:03  Supply Depot  
  71  6:07  Siege Tank  
  71  6:10  SCV  
  75  6:14  SCV  
  75  6:17  Stimpack, Marine  
  77  6:22  SCV  
  79  6:26  SCV, Orbital Command, Supply Depot  
  79  6:28  Viking  
  79  6:31  Viking  
  83  6:34  SCV  
  83  6:39  SCV  
  85  6:42  Siege Tank  
  85  6:46  SCV  
  89  6:51  SCV  
  89  6:52  Marine, Barracks Reactor x2  
  89  6:53  Orbital Command  
  91  6:58  SCV  
  91  7:00  Engineering Bay  
  92  7:02  Engineering Bay  
  92  7:03  SCV  
  92  7:04  Viking x2  
  97  7:10  SCV  
  97  7:15  SCV  
  99  7:18  Barracks  
  99  7:19  SCV, Barracks  
  99  7:22  SCV  
  101  7:23  Marine  
  101  7:27  SCV  
  103  7:31  SCV  
  103  7:32  Refinery  
  103  7:33  Refinery  
  103  7:34  SCV  
  103  7:35  Sensor Tower  
  105  7:38  Supply Depot  
  105  7:39  SCV, Sensor Tower  
  105  7:42  Marine x2  
  105  7:43  SCV  
  109  7:50  SCV  
  108  7:51  SCV  
  109  7:59  Viking, Marine x4  
  109  8:00  Siege Tank  
  117  8:07  SCV  
  117  8:10  Supply Depot  
  117  8:11  Supply Depot  
  117  8:12  Supply Depot  
  117  8:18  Combat Shield, Barracks Reactor x2  
  117  8:21  Terran Infantry Weapons Level 1, Terran Infantry Armor Level 1  
  117  8:22  SCV x2, Marine x3  
  117  8:23  Armory  
  117  8:24  SCV  
  123  8:29  Factory  
  123  8:31  Marine x2  
  123  8:32  Siege Tank, Medivac  
  123  8:33  Medivac  
  132  8:40  Marine x2  
  134  8:45  Marine  
  134  8:46  SCV  
  134  8:47  SCV  
  137  8:49  Marine  
  137  8:50  Command Center  
  137  8:53  Marine  
  139  8:55  Marine x2  
  139  8:56  Marine x2  
  139  8:58  Marine x2  
  145  9:03  Marine  
  145  9:06  Medivac  
  148  9:10  Missile Turret  
  148  9:11  Terran Vehicle Weapons Level 1  
  148  9:14  Supply Depot  
  148  9:15  Missile Turret  
  148  9:18  Supply Depot  
  148  9:19  Factory Tech Lab, Supply Depot  
  148  9:23  Marine  
  149  9:25  Medivac, Marine x6  
  157  9:36  Siege Tank, Marine x2  
  162  9:40  Viking  
  162  9:41  Marine  
  162  9:43  Marine x5  
  170  9:46  Siege Tank  
  173  9:53  Marine  
  173  9:54  Sensor Tower, Marine x2  
  173  9:58  Viking  
  173  9:59  Marine  
  179  10:01  Sensor Tower  
  179  10:04  Marine x3  
  179  10:05  Marine  
  183  10:08  Siege Tank  
  183  10:10  Viking  
  188  10:18  Siege Tank  
  175  10:27  Marine x9  
  184  10:40  Siege Tank  
  177  10:45  Marine x8  
  177  10:48  Viking x2  
  185  10:50  Siege Tank  
  185  10:54  Starport  
  188  11:00  Starport  
  188  11:06  Marine x3  
  187  11:12  Planetary Fortress, Siege Tank, Marine  
  187  11:18  Viking x2  
  179  11:22  Siege Tank  
  179  11:23  Marine  
  179  11:25  Marine x5  
  161  11:27  Marine  
  153  11:34  Refinery x2  
  153  11:39  Marine x2  
  155  11:41  Marine  
  155  11:42  Marine  
  155  11:43  Starport Tech Lab x2  
  160  11:50  Marine x2  
Tags
 
Add a new tag
Caveats
  • Supply blocks, unpowered buildings, or Contaminate may cause inaccurate times.
  • Supply counts are checked every 10 seconds.